 Dungeon Crawl Stone Soup version 0.30.0-29-ga12c61a403 (webtiles) character file.

Game seed: 6212529916310224115

525 safid the Chiller (level 7, -1/55 HPs)
             Began as a Merfolk Ice Elementalist on June 16, 2023.
             Splashed by a jelly's acid (9 damage)
             ... on level 5 of the Dungeon on June 20, 2023.
             The game lasted 00:08:07 (3644 turns).

safid the Chiller (Merfolk Ice Elementalist)        Turns: 3644, Time: 00:08:09

Health: -1/55      AC:  7    Str:  9    XL:     7   Next: 23%
Magic:  13/13      EV: 12    Int: 16    God:
Gold:   206        SH:  0    Dex: 14    Spells: 7/14 levels left

rFire   + + .        i - +1 dagger (flame)
rCold   . . .        (no shield)
rNeg    . . .        a - +0 robe
rPois   .            r - +2 helmet of the Monk {rF++}
rElec   .            (no cloak)
rCorr   .            (no gloves)
SInv    .            l - +1 pair of boots {Fly}
Will    .....        j - amulet of magic regeneration
Stlth   ++           (no ring)
HPRegen 0.29/turn    (no ring)
MPRegen 0.53/turn

%: no passive effects
@: about to teleport, flying
A: (nimble swimmer 2), mertail
a: no special abilities


You were on level 5 of the Dungeon.
You visited 1 branch of the dungeon, and saw 5 of its levels.

You collected 206 gold pieces.

Inventory:

Hand Weapons
 i - a +1 dagger of flaming (weapon)
Armour
 a - a +0 robe (worn)
 l - a +1 pair of boots of flying (worn)
 r - the +2 helmet of the Monk (worn) {rF++}
   (You took it off Robin on level 4 of the Dungeon)

   rF:        It greatly protects you from fire.
Jewellery
 j - an amulet of magic regeneration (around neck)
Scrolls
 c - 4 scrolls of immolation
 e - 3 scrolls of identify
 f - 2 scrolls of magic mapping {unknown}
 o - a scroll of vulnerability {unknown}
 p - 2 scrolls of amnesia {unknown}
 q - a scroll of fear {unknown}
Potions
 b - a potion of magic
 d - 3 potions of might
 h - a potion of attraction {unknown}
 k - a potion of brilliance {unknown}
 m - a potion of haste {unknown}
 n - a potion of resistance {unknown}


   Skills:
 + Level 4.4 Fighting
 - Level 2.6 Dodging
 - Level 2.1 Stealth
 + Level 4.3 Spellcasting
 + Level 6.4 Ice Magic


You had 7 spell levels left.
You knew the following spells:

 Your Spells              Type           Power      Damage    Failure   Level
a - Freeze                Ice            96%        1d10      1%          1
b - Frozen Ramparts       Ice            48%        1d8       3%          3
c - Ozocubu's Armour      Ice            24%        N/A       3%          3

Your spell library contained the following spells:

 Spells                   Type           Power      Damage    Failure   Level
 Sandblast                Erth           6%         2d5       17%         1
 Shock                    Conj/Air       12%        1d3       17%         1
 Passwall                 Tmut/Erth      2%         N/A       26%         2
 Static Discharge         Conj/Air       6%         2-3/arc   26%         2
 Summon Ice Beast         Ice/Summ       13%        N/A       41%         4
 Stone Arrow              Conj/Erth      6%         3d7       45%         3
 Swiftness                Air            3%         N/A       45%         3
 Airstrike                Air            1%         2d(1-17)  86%         4
 Summon Lightning Spire   Summ/Air       3%         N/A       86%         4


Dungeon Overview and Level Annotations

Branches:
Dungeon (5/15)
 Temple: D:4-7

Altars:
Hepliaklqana
Nemelex Xobeh
Sif Muna
Uskayaw

Shops:
D:4 (


Innate Abilities, Weirdness & Mutations

((You are very nimble when in or above water. (Stealth+, EV+, Speed+++)))
Your lower body shifts to a powerful aquatic tail in water.


Message History

A phantom and a jelly come into view.
Found a Young Poisoner's Handbook.
You hit the phantom but do no damage. The jelly hits you but does no damage.
The phantom completely misses you.
Unknown command.
You hit the phantom. You burn the phantom. Your punch misses the phantom.
The phantom is lightly damaged.
The jelly closely misses you. The phantom hits you.
The phantom blinks!
You blink.
Unknown command.
You hit the phantom but do no damage.
The phantom is lightly damaged.
The phantom closely misses you.
Unknown command.
You hit the phantom. You burn the phantom.
The phantom is lightly damaged.
The phantom hits you but does no damage.
Unknown command.
Casting: Frozen Ramparts (dangerous; 3% risk of failure)
Confirm with . or Enter, or press ? or * to list all spells.
Aiming: Freeze (safe; 1% risk of failure)
Press: ? - help, Shift-Dir - straight line, f - phantom
Aim: a phantom (lightly damaged)
You freeze the phantom.
The phantom resists.
The phantom is moderately damaged.
The phantom hits you.
* * * LOW HITPOINT WARNING * * *
The phantom blinks!
You blink.
You miss the phantom.
The phantom is moderately damaged.
The jelly barely misses you. The phantom hits you.
* * * LOW HITPOINT WARNING * * *
Unknown command.
As you read the scroll of teleportation, it crumbles to dust.
You feel strangely unstable. The phantom hits you.
* * * LOW HITPOINT WARNING * * *
The jelly hits you.
* * * LOW HITPOINT WARNING * * *
You are splashed with acid!
You die...

..... .. ..... #..
.... #.# . #.. #.#
... #.. #.####.##
#.. ###........ #..
#.........# #..
#.@W......+........
#.J......:#...≈≈≈≈≈
#.........##..≈....
#.§.......##..≈.###
#.........##..≈....
#...P.....##+.≈.#._
#.......Z.....≈.#..
##.....##.....≈.###
########.Z...≈...W


You could see a phantom, a jelly and a centaur zombie (wandering, inner flame).

Vanquished Creatures
  An ogre (D:5)
  A scorpion (D:4)
  3 iguanas
  Terence (D:2)
  Robin (D:4)
  12 adders
  4 gnolls (D:2)
  2 worms
  2 dart slugs
  8 orcs
  12 ball pythons
  2 bats
  5 endoplasms
  2 giant cockroaches
  17 goblins
  10 hobgoblins
  7 jackals
  A quokka (D:2)
  4 frilled lizards
  13 kobolds
  4 rats
112 creatures vanquished.

Notes
Turn   | Place    | Note
-------+----------+-------------------------------------------
     0 | D:1      | safid the Merfolk Ice Elementalist began the quest for the
                  | Orb.
     0 | D:1      | Reached XP level 1. HP: 13/13 MP: 3/3
   223 | D:1      | Reached XP level 2. HP: 12/20 MP: 0/5
   332 | D:1      | Reached skill level 1 in Fighting
  1033 | D:2      | Reached XP level 3. HP: 26/26 MP: 6/6
  1037 | D:2      | Learned a level 3 spell: Frozen Ramparts
  1037 | D:2      | Found a faded altar of an unknown god.
  1515 | D:2      | Reached skill level 5 in Ice Magic
  1515 | D:2      | Reached XP level 4. HP: 24/33 MP: 6/8
  1565 | D:2      | Noticed Terence
  1577 | D:2      | Killed Terence
  1620 | D:2      | Learned a level 3 spell: Ozocubu's Armour
  1786 | D:2      | Reached XP level 5. HP: 39/39 MP: 9/9
  2566 | D:4      | Identified the +2 helmet of the Monk {rF++}
  2566 | D:4      | Noticed Robin
  2584 | D:4      | Reached XP level 6. HP: 20/47 MP: 9/11
  2590 | D:4      | Killed Robin
  2840 | D:4      | Found a shimmering blue altar of Sif Muna.
  2840 | D:4      | Found a hazy altar of Hepliaklqana.
  2960 | D:4      | Reached skill level 6 in Ice Magic
  3346 | D:4      | Found Awioffa's Weapon Emporium.
  3486 | D:5      | Entered Level 5 of the Dungeon
  3501 | D:5      | Found a hide-covered altar of Uskayaw.
  3540 | D:5      | Found a sparkling altar of Nemelex Xobeh.
  3557 | D:5      | Reached XP level 7. HP: 43/55 MP: 6/13
  3644 | D:5      | Splashed by a jelly's acid

Illustrated notes

Levels and vault maps discovered:
D:1:      ebering_hopf_link, layout_loops_ring, patterned_corridor
D:2:      layout_loops_cross, ebering_ecumenical_altar_petrified,
          minmay_quantized, uniq_terence
D:3:      layout_rooms
D:4:      layout_loops_cross, gammafunk_temple_overflow_pools, serial_shops,
          shop, uniq_robin
D:5:      layout_basic, amcnicky_altar_gilded, mainiacjoe_overflow_brackets,
          serial_undead, serial_undead_b, serial_undead_a, serial_undead_a,
          serial_undead_e, nicolae_half_adder

Skill      XL: |  1  2  3  4  5  6 |
---------------+-------------------+-----
Fighting       | 1 2 3 4 |  4.4
Ice Magic      | 5 6 |  6.4
Spellcasting   | 3 4 |  4.3
Dodging        | |  2.6
Stealth        | |  2.1

Action                     |  1- 3 |  4- 6 |  7- 9 || total
---------------------------+-------+-------+-------++-------
  Melee: Short sword       |    37 |       |       ||    37
         Unarmed           |     1 |       |       ||     1
         Dagger            |    41 |    57 |    16 ||   114
   Cast: Freeze            |    32 |    44 |     2 ||    78
         Frozen Ramparts   |       |    16 |     2 ||    18
         Ozocubu's Armour  |       |     9 |     1 ||    10
    Use: Scroll            |       |       |     4 ||     4
   Stab: Sleeping          |     1 |     4 |       ||     5
 Armour: Robe              |    10 |    31 |    10 ||    51
  Dodge: Dodged            |    58 |    72 |    29 ||   159
